Map: Jagannatha LE

Players

Rail

  • Race: Protoss Protoss
  • League: Master
  • Spawn Location: 7:00

PtitDrogo - Winner!

  • Race: Protoss Protoss
  • Spawn Location: 1:00

Event: DreamHack SC2 Masters 2020 Winter

VOD

Have the link to the VOD?

Description

Time

  • Played on: Oct. 24, 2020, 11:14 a.m.
  • Length: 9:33

All games in this series

Show
View Real Time Build Order
Export as new Build Order

Rail Protoss 

Build Orders:  

Get SALT Encoding   

  12  0:00  Probe  
  13  0:12  Probe  
  14  0:19  Pylon  
  14  0:24  Probe (Chrono Boost)  
  15  0:38  Gateway, Probe (Chrono Boost)  
  16  0:45  Probe (Chrono Boost)  
  16  0:46  Assimilator  
  17  0:52  Probe (Chrono Boost)  
  18  1:04  Probe (Chrono Boost)  
  18  1:05  Assimilator  
  19  1:11  Gateway  
  19  1:13  Probe (Chrono Boost)  
  20  1:19  Probe  
  21  1:26  Cybernetics Core  
  21  1:31  Probe  
  22  1:37  Pylon  
  22  1:43  Probe  
  23  1:55  Probe  
  23  2:01  Warp Gate (Chrono Boost)  
  24  2:03  Stalker x2  
  24  2:08  Probe  
  29  2:13  Pylon  
  29  2:33  Stalker x2  
  33  2:54  Nexus  
  33  3:04  Shield Battery  
  33  3:08  Stalker  
  37  3:20  Shield Battery  
  35  3:27  Gateway  
  35  3:28  Pylon  
  35  3:44  Stalker, Pylon, Shield Battery  
  37  3:48  Stalker  
  39  3:57  Twilight Council  
  39  4:02  Probe (Chrono Boost)  
  38  4:07  Stalker  
  41  4:10  Probe (Chrono Boost)  
  41  4:12  Stalker  
  41  4:14  Probe (Chrono Boost)  
  44  4:21  Probe (Chrono Boost)  
  44  4:23  Probe (Chrono Boost)  
  46  4:26  Probe (Chrono Boost)  
  46  4:28  Probe (Chrono Boost)  
  48  4:34  Blink  
  49  4:39  Adept  
  49  4:40  Adept  
  49  4:42  Probe (Chrono Boost)  
  49  4:44  Probe (Chrono Boost)  
  54  4:48  Pylon  
  54  4:49  Probe (Chrono Boost)  
  54  4:50  Probe  
  56  4:57  Pylon  
  56  5:00  Probe  
  56  5:04  Gateway  
  56  5:05  Sentry  
  56  5:06  Sentry  
  61  5:13  Gateway  
  62  5:17  Dark Shrine  
  62  5:20  Probe x2  
  63  5:29  Stalker  
  63  5:30  Stalker  
  66  5:40  Probe  
  66  5:41  Probe  
  66  5:51  Nexus  
  66  5:52  Pylon  
  66  5:54  Sentry  
  68  5:57  Stalker  
  70  6:10  Probe (Chrono Boost)  
  70  6:11  Probe (Chrono Boost)  
  72  6:13  Robotics Facility  
  72  6:16  Assimilator  
  72  6:19  Stalker  
  72  6:21  Pylon  
  72  6:22  Probe x2 (Chrono Boost)  
  76  6:27  Pylon, Probe (Chrono Boost)  
  76  6:28  Probe (Chrono Boost)  
  78  6:37  Probe  
  75  6:44  Stalker x2  
  75  6:45  Stalker  
  77  6:53  Stalker  
  67  6:54  Probe  
  67  6:55  Probe  
  58  7:09  Probe x2 (Chrono Boost)  
  58  7:10  Dark Templar  
  58  7:11  Probe (Chrono Boost)  
  58  7:12  Warp Prism (Chrono Boost)  
  64  7:16  Gateway  
  64  7:17  Forge  
  64  7:19  Probe (Chrono Boost)  
  64  7:20  Probe (Chrono Boost)  
  64  7:21  Probe (Chrono Boost)  
  67  7:23  Sentry  
  67  7:24  Probe (Chrono Boost)  
  67  7:25  Shield Battery  
  70  7:30  Probe (Chrono Boost)  
  70  7:32  Shield Battery  
  72  7:38  Stalker x2  
  72  7:42  Probe (Chrono Boost)  
  76  7:46  Gateway  
  76  7:47  Observer (Chrono Boost), Probe (Chrono Boost)  
  76  7:48  Probe (Chrono Boost)  
  76  7:50  Assimilator  
  79  7:52  Pylon  
  79  7:54  Assimilator  
  79  7:57  Probe x2 (Chrono Boost)  
  82  7:58  Stalker  
  82  8:00  Probe (Chrono Boost)  
  82  8:03  Immortal  
  88  8:08  Pylon  
  88  8:10  Assimilator  
  88  8:11  Probe  
  89  8:15  Pylon  
  89  8:18  Photon Cannon  
  89  8:24  Dark Templar  
  91  8:29  Stalker, Zealot  
  91  8:30  Photon Cannon  
  95  8:37  Stalker, Zealot  
  99  8:48  Dark Templar  
  99  8:52  Dark Templar  
  99  8:54  Zealot  
  97  8:58  Dark Templar, Zealot  
  97  8:59  Probe x2  
  92  9:05  Stalker  
  92  9:08  Probe  
  87  9:11  Probe  
  87  9:13  Probe  
  87  9:15  Stalker  
  79  9:20  Stalker  
  79  9:21  Stalker  
  72  9:28  Stalker  
Show
View Real Time Build Order
Export as new Build Order

PtitDrogo Protoss - Winner!

Build Orders:  

Get SALT Encoding   

  12  0:00  Probe  
  13  0:12  Probe  
  14  0:17  Pylon  
  14  0:24  Probe  
  15  0:35  Gateway  
  15  0:37  Probe (Chrono Boost)  
  16  0:47  Assimilator, Probe (Chrono Boost)  
  17  0:52  Probe (Chrono Boost)  
  17  0:55  Assimilator  
  18  1:03  Probe (Chrono Boost)  
  19  1:12  Gateway  
  19  1:13  Probe (Chrono Boost)  
  19  1:18  Probe (Chrono Boost)  
  20  1:24  Cybernetics Core  
  21  1:30  Probe  
  22  1:39  Pylon  
  22  1:42  Probe  
  23  2:01  Warp Gate, Adept x2  
  27  2:04  Pylon  
  27  2:06  Probe  
  28  2:31  Sentry x2  
  32  2:40  Nexus  
  31  2:47  Shield Battery  
  31  2:52  Probe  
  31  2:57  Sentry  
  34  3:02  Sentry  
  34  3:04  Probe  
  37  3:08  Pylon  
  37  3:15  Pylon  
  37  3:17  Probe (Chrono Boost)  
  39  3:27  Probe (Chrono Boost)  
  39  3:32  Probe (Chrono Boost)  
  38  3:43  Twilight Council  
  38  3:44  Probe  
  39  3:49  Stalker x2  
  39  3:54  Probe  
  44  3:56  Probe  
  45  4:06  Probe  
  45  4:08  Probe  
  47  4:12  Stalker  
  47  4:13  Stalker  
  51  4:18  Probe (Chrono Boost)  
  51  4:20  Probe (Chrono Boost)  
  51  4:24  Blink (Chrono Boost)  
  53  4:29  Probe (Chrono Boost)  
  55  4:31  Probe (Chrono Boost)  
  55  4:35  Adept, Probe (Chrono Boost)  
  55  4:36  Probe (Chrono Boost)  
  59  4:39  Adept  
  59  4:45  Pylon  
  61  4:46  Probe  
  62  4:56  Forge  
  62  4:59  Assimilator  
  62  5:03  Probe x2  
  64  5:08  Stalker  
  64  5:09  Stalker  
  68  5:15  Probe  
  68  5:16  Phoenix  
  68  5:17  Probe  
  70  5:24  Pylon  
  70  5:32  Robotics Facility  
  70  5:34  Nexus  
  70  5:40  Probe x2  
  70  5:41  Protoss Ground Weapons Level 1 (Chrono Boost)  
  68  5:47  Pylon  
  68  5:49  Stalker x2  
  72  5:52  Probe x2  
  74  5:58  Gateway  
  74  6:04  Gateway  
  74  6:13  Stalker x2  
  74  6:14  Charge  
  78  6:19  Shield Battery  
  78  6:20  Observer (Chrono Boost)  
  78  6:21  Probe x2  
  78  6:22  Pylon  
  80  6:35  Probe  
  80  6:36  Stalker x2  
  81  6:42  Immortal (Chrono Boost)  
  75  6:54  Stalker  
  69  7:09  Stalker x2  
  69  7:10  Probe  
  69  7:13  Gateway  
  69  7:14  Probe x2  
  76  7:16  Gateway  
  76  7:17  Gateway  
  76  7:20  Photon Cannon  
  76  7:21  Observer (Chrono Boost)  
  76  7:22  Probe  
  78  7:23  Photon Cannon  
  78  7:26  Probe x2  
  78  7:28  Photon Cannon, Sentry  
  82  7:34  Probe  
  82  7:36  Gateway  
  83  7:43  Stalker x2, Warp Prism (Chrono Boost)  
  89  7:58  Stalker, Pylon, Zealot  
  91  8:01  Assimilator  
  93  8:10  Zealot x3  
  93  8:12  Pylon  
  99  8:17  Stalker x2  
  103  8:20  Stalker  
  103  8:22  Stalker  
  107  8:34  Stalker x2, Zealot x2  
  107  8:37  Pylon  
  112  8:53  Zealot  
  111  8:56  Zealot x5  
  111  8:57  Probe  
  111  8:59  Observer (Chrono Boost)  
  111  9:02  Probe  
  117  9:05  Probe  
  108  9:11  Zealot x2  
  108  9:12  Probe  
  105  9:20  Zealot x4  
Tags
 
Add a new tag
Caveats
  • Supply blocks, unpowered buildings, or Contaminate may cause inaccurate times.
  • Supply counts are checked every 10 seconds.